 Dungeon Crawl Stone Soup version 0.16.1-51-g6203257 (webtiles) character file.

17934 Teril the Bludgeoner (level 12, -2/208 HPs)
             Began as an Ogre Berserker on July 28, 2015.
             Was a High Priest of Trog.
             Slain by a wolf (8 damage)
             ... on level 3 of the Lair of Beasts.
             The game lasted 00:52:45 (11739 turns).

Teril the Bludgeoner (Ogre Berserker)              Turns: 11739, Time: 00:52:45

Health: -2/208     AC:  5    Str: 30    XL:     12   Next: 53%
Magic:  21/21      EV: 18    Int:  6    God:    Trog [*****.]
Gold:   602        SH:  0    Dex: 13    Spells: 0 memorised, 11 levels left

rFire  . . .     SeeInvis .     a - +0 giant club (flame)
rCold  . . .     Clarity  .     b - +0 animal skin
rNeg   + . .     SustAb   .     (shield restricted)
rPois  .         Gourm    .     (helmet restricted)
rElec  .         Spirit   .     J - +1 cloak
rCorr  .         Warding  .     (gloves unavailable)
rMut   .         Stasis   .     (boots unavailable)
MR     +++..                    n - amulet of regeneration
Stlth  ..........               B - ring of positive energy
                                f - +4 ring of evasion

@: berserking (expiring), regenerating, very quick, extremely resistant to
hostile enchantments, extremely unstealthy
A: unfitting armour, tough skin 1
a: Burn Spellbooks, Berserk, Trog's Hand, Brothers in Arms, Renounce Religion


You were on level 3 of the Lair of Beasts.
You worshipped Trog.
Trog was extremely pleased with you.
You were not hungry.

You visited 2 branches of the dungeon, and saw 12 of its levels.
You also visited: Volcano.

You collected 602 gold pieces.

Inventory:

Hand weapons
 a - a +0 giant club of flaming (weapon)
 e - a +3 great mace of venom
 D - a +0 giant club
Missiles
 x - 2 tomahawks of dispersal (quivered)
Armour
 b - a +0 animal skin (worn)
 J - a +1 cloak (worn)
Jewellery
 f - a +4 ring of evasion (left hand)
 n - an amulet of regeneration (around neck)
 p - an uncursed amulet of the gourmand
 q - a +5 ring of intelligence {unknown}
 y - an uncursed ring of magical power
 B - a ring of positive energy (right hand)
 E - a cursed amulet of guardian spirit
 M - an uncursed ring of magical power
 N - an uncursed ring of positive energy
Magical devices
 h - a wand of enslavement (5)
 j - a wand of enslavement (13)
 o - a wand of enslavement (10)
Scrolls
 d - 3 scrolls of recharging
 k - 3 scrolls of teleportation
 s - 3 scrolls of remove curse
 t - 2 scrolls of fog
 A - a scroll of enchant weapon
 I - a scroll of summoning
 P - a scroll of immolation {unknown}
Potions
 i - a potion of flight
 l - 2 potions of resistance
 u - a potion of heal wounds
 v - a potion of agility
 w - a potion of lignification
 z - a potion of curing
 C - 2 potions of restore abilities
 F - a potion of might
 G - a potion of magic {unknown}
 H - 2 potions of cancellation {unknown}
 K - a potion of cure mutation {unknown}
 L - a potion of mutation {unknown}
Miscellaneous
 r - a box of beasts
Comestibles
 c - 4 meat rations
 g - 3 bread rations
 m - 2 royal jellies
 O - a beef jerky


   Skills:
 * Level 14.2 Fighting
 * Level 16.0 Maces & Flails
 + Level 0.4 Throwing
 + Level 1.7 Armour
 + Level 9.0 Dodging
 + Level 5.6 Evocations


You had 11 spell levels left.
You didn't know any spells.

Dungeon Overview and Level Annotations

Branches:
Dungeon (9/15)             Temple (0/1) D:5            Lair (3/8) D:9
  Swamp: Lair:3-6    Shoals: Lair:3-6     Snake: Lair:3-6    Spider: Lair:3-6
    Orc: D:9-12

Altars:
Ashenzari
Cheibriados
Dithmenos
Fedhas
Nemelex Xobeh
Xom
Yredelemnul


Innate Abilities, Weirdness & Mutations

You are too large for most types of armour.
You have tough skin (AC +1).


Message History

The blink frog blinks!
The blink frog hits you but does no damage.
You closely miss the blink frog. The wolf barely misses you.
You sock the blink frog! You burn the blink frog.
The blink frog is heavily wounded.
The blink frog blinks!
The blink frog completely misses you. The wolf bites you.
* * * LOW HITPOINT WARNING * * *
You hit the blink frog. You burn the blink frog.
The blink frog is severely wounded.
The blink frog misses you. The wolf bites you.
* * * LOW HITPOINT WARNING * * *
You sock the blink frog! You burn the blink frog.
You kill the blink frog!
Trog accepts your kill. Something appears at your feet! Trog grants you a gift!
Your Maces & Flails skill increases to level 16!
The wolf bites you!
You die...

.>. ...... .... ... ....
..... ... #..# ### ..♣♣
#####.###.## ♣..♣
............##♣♣§h♣
................@†#♣ ..
...................##....
.........................
.........................
...........F.............
...........§..#P........
........................
##P..###............#...
###..#................


You could see a blink frog and a wolf.

Vanquished Creatures
  2 hydras
  The ghost of SevInf the Thaumaturge, a powerful GrEE of Vehumet (Lair:2)
  The ghost of aliceinspace the Blocker, an experienced DrFi of Okawaru (D:8)
  The ghost of aliceinspace the Ducker, an experienced DrFi (D:6)
  A griffon (Lair:1)
  The ghost of aliceinspace the Shield-Bearer, an experienced DrFi (D:5)
  11 elephants (Lair:1)
  2 spiny frogs (Lair:1)
  2 komodo dragons
  A polar bear (Lair:3)
  2 two-headed ogres (Volcano)
  2 blink frogs (Lair:3)
  2 spriggans (Lair:3)
  A fire bat (Volcano)
  2 hippogriffs (Lair:2)
  17 wolves
  Menkaure (D:7)
  An orc warrior (Volcano)
  3 sky beasts
  4 porcupines
  2 water moccasins (Lair:2)
  A necrophage (D:4)
  3 ice beasts
  3 black bears
  A phantom (D:6)
  4 crocodiles
  An ogre (D:6)
  2 giant frogs
  5 scorpions
  5 killer bees (D:8)
  7 wights
  8 hounds
  9 crimson imps
  4 jellies
  4 iguanas
  Crazy Yiuf (D:2)
  2 orc priests
  4 orc wizards
  A giant frog skeleton (D:5)
  4 worker ants
  8 sheep (Lair:1)
  Ijyb (D:7)
  Robin (D:2)
  10 gnolls
  9 adders
  12 river rats
  A giant mite (D:5)
  3 worms
  An adder skeleton (D:9)
  An ooze (D:2)
  33 orcs
  11 bats
  25 goblins
  17 hobgoblins
  9 jackals
  3 ball pythons
  7 giant cockroaches
  A giant newt (D:1)
  2 giant spores
  9 kobolds
  4 quokkas
  A quokka zombie (D:7)
  16 rats
  6 ballistomycetes
  A plant (D:6)
321 creatures vanquished.

Vanquished Creatures (collateral kills)
  3 elephants (Lair:1)
  A black mamba (Lair:2)
  A hippogriff (Lair:2)
  A hell hound (Volcano)
  A water moccasin (Lair:1)
  A centaur (Volcano)
  A giant frog (Lair:1)
9 creatures vanquished.

Vanquished Creatures (others)
  A fire drake (Volcano)
  A two-headed ogre (Volcano)
  An ogre (Volcano)
  An orc priest (D:7)
  A goblin (D:2)
  2 giant spores (D:7)
  8 fungi
  2 plants
17 creatures vanquished.

Grand Total: 347 creatures vanquished

Notes
Turn   | Place    | Note
--------------------------------------------------------------
     0 | D:1      | Teril, the Ogre Berserker, began the quest for the Orb.
     0 | D:1      | Reached XP level 1. HP: 24/24 MP: 1/1
   282 | D:1      | Reached XP level 2. HP: 29/32 MP: 2/2
   989 | D:2      | Reached skill level 5 in Maces & Flails
   989 | D:2      | Reached XP level 3. HP: 16/40 MP: 3/3
  1181 | D:2      | Noticed Robin
  1195 | D:2      | Killed Robin
  1210 | D:1      | HP: 1/41 [jackal (3)]
  1216 | D:1      | HP: 2/41 [jackal (1)]
  1218 | D:1      | Acquired Trog's second power
  1546 | D:2      | Reached skill level 5 in Fighting
  1546 | D:2      | Reached XP level 4. HP: 48/50 MP: 4/4
  1899 | D:2      | Noticed Crazy Yiuf
  1907 | D:2      | Killed Crazy Yiuf
  2117 | D:3      | Reached XP level 5. HP: 57/57 MP: 5/5
  2144 | D:3      | Reached skill level 6 in Maces & Flails
  2181 | D:3      | Found a shattered altar of Ashenzari.
  2370 | D:3      | Reached XP level 6. HP: 38/67 MP: 6/6
  3144 | D:4      | Reached skill level 7 in Maces & Flails
  3773 | D:5      | Entered Level 5 of the Dungeon
  3797 | D:5      | Noticed aliceinspace's ghost (experienced DrFi)
  3797 | D:5      | Reached XP level 7. HP: 69/76 MP: 7/7
  3812 | D:5      | Killed aliceinspace's ghost
  3812 | D:5      | Reached skill level 8 in Maces & Flails
  4148 | D:5      | Acquired Trog's third power
  4384 | D:5      | Received a gift from Trog
  4470 | D:5      | Reached XP level 8. HP: 80/87 MP: 8/8
  4539 | D:5      | Found a staircase to the Ecumenical Temple.
  4570 | D:5      | Found a snail-covered altar of Cheibriados.
  4570 | D:5      | Found a basalt altar of Yredelemnul.
  4623 | D:5      | Found a shimmering altar of Xom.
  4837 | D:5      | Reached skill level 9 in Maces & Flails
  5027 | D:6      | Noticed aliceinspace's ghost (experienced DrFi)
  5041 | D:6      | Killed aliceinspace's ghost
  5041 | D:6      | Reached skill level 1 in Evocations
  5053 | D:6      | Reached skill level 10 in Maces & Flails
  5109 | D:6      | Reached skill level 5 in Dodging
  5348 | D:6      | Reached XP level 9. HP: 80/98 MP: 12/12
  5369 | D:6      | HP: 2/98 [wight/halberd (3)]
  5712 | D:6      | Found a shadowy altar of Dithmenos.
  6051 | D:6      | Found a blossoming altar of Fedhas.
  6760 | D:6      | Received a gift from Trog
  6844 | D:7      | Noticed Ijyb
  6853 | D:7      | Killed Ijyb
  6971 | D:7      | Noticed Menkaure
  6980 | D:7      | Killed Menkaure
  6980 | D:7      | Reached skill level 11 in Maces & Flails
  7347 | D:7      | Reached skill level 10 in Fighting
  7857 | D:8      | Noticed aliceinspace's ghost (experienced DrFi)
  7869 | D:8      | Killed aliceinspace's ghost
  7869 | D:8      | Reached skill level 12 in Maces & Flails
  7869 | D:8      | Reached XP level 10. HP: 94/111 MP: 15/15
  8177 | D:8      | Found a sparkling altar of Nemelex Xobeh.
  9058 | D:9      | Reached skill level 13 in Maces & Flails
  9191 | D:9      | Found a staircase to the Lair.
  9212 | Lair:1   | Entered Level 1 of the Lair of Beasts
  9321 | Lair:1   | Noticed an elephant
  9325 | Lair:1   | Noticed an elephant
  9331 | Lair:1   | Killed an elephant
  9339 | Lair:1   | Killed an elephant
  9494 | Lair:1   | Reached XP level 11. HP: 114/123 MP: 18/18
  9630 | Lair:1   | Reached skill level 14 in Maces & Flails
  9632 | Lair:1   | Noticed an elephant
  9641 | Lair:1   | Killed an elephant
  9891 | Lair:1   | Noticed a seven-headed hydra
  9900 | Lair:1   | Killed a seven-headed hydra
 10004 | Lair:1   | Noticed a griffon
 10015 | Lair:1   | Killed a griffon
 10115 | Lair:1   | Noticed an elephant
 10116 | Lair:1   | Noticed an elephant
 10117 | Lair:1   | Noticed an elephant
 10122 | Lair:1   | Killed an elephant
 10126 | Lair:1   | Killed an elephant
 10128 | Lair:1   | Killed an elephant
 10128 | Lair:1   | Reached skill level 5 in Evocations
 10153 | Lair:1   | Noticed an elephant
 10159 | Lair:1   | Killed an elephant
 10165 | Lair:1   | Noticed an elephant
 10166 | Lair:1   | Noticed an elephant
 10175 | Lair:1   | Noticed an elephant
 10177 | Lair:1   | Killed an elephant
 10177 | Lair:1   | Reached skill level 15 in Maces & Flails
 10178 | Lair:1   | Noticed an elephant
 10179 | Lair:1   | Noticed an elephant
 10180 | Lair:1   | Noticed an elephant
 10181 | Lair:1   | Noticed an elephant
 10184 | Lair:1   | Noticed an elephant
 10184 | Lair:1   | Killed an elephant
 10184 | Lair:1   | Received a gift from Trog
 10194 | Lair:1   | Noticed an elephant
 10279 | Lair:2   | Noticed SevInf's ghost (powerful GrEE)
 10329 | Lair:1   | Killed an elephant
 10332 | Lair:1   | Killed an elephant
 10338 | Lair:1   | Killed an elephant
 10340 | Lair:1   | Killed an elephant
 10340 | Lair:1   | Reached XP level 12. HP: 34/136 MP: 20/20
 10428 | Lair:1   | Killed an elephant
 10636 | Lair:2   | HP: 4/136 [hippogriff (5)]
 10636 | Lair:2   | HP: 1/136 [hippogriff (3)]
 10726 | Lair:2   | Found a dark tunnel.
 10735 | Volcano  | Entered a volcano
 10773 | Volcano  | HP: 5/205 [fire drake/blast of flame (20)]
 11070 | Lair:2   | Killed SevInf's ghost
 11130 | Lair:2   | Noticed a four-headed hydra
 11134 | Lair:2   | Killed a four-headed hydra
 11735 | Lair:3   | HP: 9/208 [blink frog (5)]
 11739 | Lair:3   | Received a gift from Trog
 11739 | Lair:3   | Reached skill level 16 in Maces & Flails
 11739 | Lair:3   | Slain by a wolf

Action                   |  1- 3 |  4- 6 |  7- 9 | 10-12 || total
-------------------------+-------+-------+-------+-------++-------
Melee: Mace              |    75 |   145 |       |       ||   220
       Flail             |       |    14 |   317 |       ||   331
       Great mace        |       |       |    79 |   266 ||   345
       Giant club        |       |       |    14 |    68 ||    82
Throw: Tomahawk          |       |       |     2 |     1 ||     3
Invok: Berserk           |     1 |     3 |     8 |     7 ||    19
       Trog's Hand       |       |     2 |     7 |     7 ||    16
       Brothers in Arms  |       |       |       |     3 ||     3
  Use: Scroll            |     3 |     3 |     8 |    10 ||    24
       Potion            |     2 |       |       |     6 ||     8
 Stab: Invisible         |     1 |     1 |     4 |       ||     6
       Sleeping          |     1 |       |       |       ||     1
  Eat: Chunk             |     2 |    12 |     6 |    12 ||    32
       Bread ration      |       |       |     1 |     4 ||     5
       Meat ration       |       |       |     2 |       ||     2
       Beef jerky        |       |       |     2 |       ||     2
